 Dungeon Crawl Stone Soup version 0.26-a0-784-g51bffae0b1 (webtiles) character file.

Game seed: 11301415076357875312

56 Kinoniko the Shield-Bearer (level 4, -2/31 HPs)
             Began as a Halfling Fighter on Nov 10, 2020.
             Was an Initiate of Elyvilon.
             Shot with an arrow by a centaur (5 damage)
             ... on level 2 of the Dungeon.
             The game lasted 00:01:21 (1067 turns).

Kinoniko the Shield-Bearer (Halfling Fighter)       Turns: 1067, Time: 00:01:21

Health: -2/31      AC:  8    Str: 17    XL:     4   Next: 17%
Magic:  4/4        EV:  9    Int:  6    God:    Elyvilon [......]
Gold:   68         SH: 10    Dex: 14    Spells: 3/3 levels left

rFire    . . .     SeeInvis .   a - +0 long sword
rCold    . . .     Faith    .   c - +0 kite shield
rNeg     . . .     Spirit   .   b - +0 scale mail
rPois    .         Reflect  .   (no helmet)
rElec    .         Harm     .   (no cloak)
rCorr    .         Rampage  .   (no gloves)
MR       .....                  j - +0 pair of boots
Stlth    ..........             (no amulet)
HPRegen  0.10/turn              (no ring)
MPRegen  0.09/turn              (no ring)

@: mighty
A: small, mutation resistance 1
a: Renounce Religion


You were on level 2 of the Dungeon.
You worshipped Elyvilon.
Elyvilon was noncommittal.
You visited 1 branch of the dungeon, and saw 2 of its levels.

You collected 68 gold pieces.

Inventory:

Hand Weapons
 a - a +0 long sword (weapon)
Armour
 b - a +0 scale mail (worn)
 c - a +0 kite shield (worn)
 j - a +0 pair of boots (worn)
Jewellery
 h - a +6 ring of dexterity {unknown}
Scrolls
 e - 2 scrolls of noise {unknown}
 f - a scroll of fear {unknown}
 k - a scroll of blinking {unknown}
 l - a scroll of identify {unknown}
Potions
 g - 2 potions of curing {unknown}
 i - a potion of flight {unknown}
 m - a potion of cancellation {unknown}
 n - a potion of berserk rage {unknown}


   Skills:
 + Level 3.1 Fighting
 * Level 2.6 Long Blades
 - Level 3.5 Armour
 + Level 1.0 Dodging
 + Level 3.9 Shields


You had 3 spell levels left.
You didn't know any spells.
Your spell library was empty.

Dungeon Overview and Level Annotations

Branches:
Dungeon (2/15)

Altars:
Elyvilon


Innate Abilities, Weirdness & Mutations

You are small and have problems with some larger weapons.
You are somewhat resistant to further mutation.


Message History

You barely miss the ogre.
The centaur shoots an arrow.
You block the arrow. The ogre completely misses you.
You slash the ogre!
The ogre is heavily wounded.
The centaur shoots an arrow.
The arrow hits you!
The ogre hits you with a +0 giant club!!
Ouch! That really hurt!
* * * LOW HITPOINT WARNING * * *
The centaur shoots an arrow.
The arrow barely misses you.
You are too injured to fight recklessly!
You are too injured to fight recklessly!
Okay, then.
You feel very mighty all of a sudden.
The centaur shoots an arrow.
The arrow hits you. Elyvilon protects you from harm!
You block the ogre's attack.
You completely miss the ogre.
The ogre is heavily wounded.
The centaur shoots an arrow.
The arrow hits you.
You die...

### ..# #.#
#.# #.#
.######.#
......O.#####
#
######@....#.#
#. #.#
#.......(.c'.#
. ..#
#.........)###
#. #.#
#.###.))####
#. #.#.# #.(.#
#..#.#.
####<#.......
#(.#..
...#(########
#....###.#
#......# ##
##.....#
######.#


You could see an ogre and a centaur.

Vanquished Creatures
  2 oozes
  4 dart slugs
  2 leopard geckos (D:1)
  An orc (D:2)
  3 giant cockroaches
  3 goblins
  4 hobgoblins
  3 jackals
  4 bats
  2 frilled lizards (D:2)
  4 kobolds
  5 rats
37 creatures vanquished.

Notes
Turn   | Place    | Note
-------+----------+-------------------------------------------
     0 | D:1      | Kinoniko the Halfling Fighter began the quest for the Orb.
     0 | D:1      | Reached XP level 1. HP: 15/15 MP: 1/1
    58 | D:1      | Reached XP level 2. HP: 20/20 MP: 2/2
   503 | D:1      | Reached XP level 3. HP: 23/25 MP: 3/3
   894 | D:2      | Found a white marble altar of Elyvilon.
   904 | D:2      | Became a worshipper of Elyvilon the Healer
   909 | D:2      | Reached XP level 4. HP: 31/31 MP: 4/4
  1058 | D:2      | Noticed a centaur
  1059 | D:2      | Reached skill level 1 in Dodging
  1061 | D:2      | Noticed an ogre
  1066 | D:2      | Elyvilon protects you from harm!
  1067 | D:2      | Shot with an arrow by a centaur

Illustrated notes

Levels and vault maps discovered:
D:1:      giann_bridges, layout_loops_ring, chequers_hall_statues_wall_a
D:2:      minmay_angry_zag, layout_basic, elyvilon_altar_1, cheibriados_altar_1

Skill      XL: |  1  2  3  4 |
---------------+-------------+-----
Fighting       | 3 |  3.1
Dodging        | 1 |  1.0
Long Blades    | |  2.6
Armour         | |  3.5
Shields        | |  3.9

Action                   |  1- 3 |  4- 6 || total
-------------------------+-------+-------++-------
Melee: Long sword        |    83 |    31 ||   114
  Use: Potion            |       |     1 ||     1
Armor: Scale mail        |    27 |    12 ||    39
Dodge: Dodged            |    25 |    18 ||    43
Block: Kite shield       |    39 |    16 ||    55
       Rpst.: Long sword |     6 |     5 ||    11

Table legend: (Time is in decaauts)
 A = Elapsed time spent in this place.
 B = Non-inter-level travel time spent in this place.
 C = Inter-level travel time spent in this place.
 D = Time resting spent in this place.
 E = Time spent auto-exploring this place.
 F = Levels seen in this place.
 G = Mean time per level.
                   A        B        C        D        E       F      G
               +--------+--------+--------+--------+--------+-----+--------+
         Total |   1108 |   1100 |      8 |      0 |    832 |   2 |  554.0 |
       Dungeon |   1108 |   1100 |      8 |      0 |    832 |   2 |  554.0 |
               +--------+--------+--------+--------+--------+-----+--------+

Top non-repeatable levels by time:
     D:1: 824 daAuts
     D:2: 284 daAuts
